Map: 2000 Atmospheres LE

Players

ShaDoWn

  • Race: Protoss Protoss

AGOElazer (Elazer) - Winner!

  • Race: Zerg Zerg
  • League: Grandmaster

Event: DreamHack SC2 Masters 2021 Summer

VOD

Have the link to the VOD?

Description

Time

  • Played on: May 22, 2021, 12:01 p.m.
  • Length: 11:31

All games in this series

Show
View Real Time Build Order
Export as new Build Order

ShaDoWn Protoss 

Build Orders: 1 Gate Expand, Mass Adepts 

Get SALT Encoding   

  12  0:00  Probe  
  13  0:12  Probe  
  14  0:20  Pylon  
  14  0:24  Probe  
  15  0:38  Probe (Chrono Boost)  
  15  0:42  Gateway  
  17  0:50  Probe (Chrono Boost)  
  17  0:51  Assimilator  
  17  0:55  Probe (Chrono Boost)  
  18  1:04  Probe  
  19  1:16  Probe  
  20  1:28  Nexus  
  20  1:38  Cybernetics Core  
  20  1:40  Probe  
  21  1:48  Assimilator  
  21  1:53  Probe  
  22  1:56  Pylon  
  22  2:05  Probe  
  23  2:12  Adept (Chrono Boost)  
  25  2:17  Probe  
  25  2:18  Stargate  
  26  2:27  Warp Gate  
  26  2:29  Probe (Chrono Boost)  
  27  2:34  Adept  
  29  2:40  Probe (Chrono Boost)  
  29  2:41  Probe (Chrono Boost)  
  31  2:49  Probe (Chrono Boost)  
  31  2:50  Probe (Chrono Boost)  
  33  2:54  Probe (Chrono Boost)  
  33  2:55  Probe, Void Ray (Chrono Boost)  
  39  3:06  Probe  
  39  3:07  Probe  
  39  3:10  Pylon  
  41  3:18  Probe  
  42  3:20  Gateway  
  42  3:22  Probe  
  43  3:29  Twilight Council  
  43  3:30  Probe  
  44  3:37  Gateway  
  44  3:42  Gateway  
  44  3:43  Probe  
  44  3:48  Probe  
  46  3:56  Probe  
  46  3:58  Resonating Glaives (Chrono Boost)  
  46  4:02  Nexus  
  47  4:03  Probe  
  48  4:16  Adept  
  48  4:17  Pylon, Adept  
  52  4:21  Probe x2  
  54  4:25  Pylon  
  54  4:36  Adept  
  54  4:37  Adept x3  
  62  4:43  Pylon  
  62  4:44  Probe  
  62  4:45  Probe  
  64  4:47  Shield Battery  
  64  4:58  Adept  
  64  4:59  Adept x2  
  70  5:01  Adept  
  70  5:04  Pylon  
  70  5:06  Probe  
  73  5:19  Adept x3  
  79  5:21  Adept  
  79  5:27  Probe  
  82  5:29  Probe x2  
  82  5:32  Robotics Facility  
  84  5:39  Probe  
  84  5:41  Probe  
  86  5:43  Adept x4  
  94  5:53  Probe  
  94  5:55  Probe  
  94  5:56  Probe  
  87  6:05  Probe (Chrono Boost), Sentry x2  
  87  6:07  Assimilator  
  87  6:08  Probe x2 (Chrono Boost)  
  87  6:09  Assimilator  
  92  6:15  Immortal (Chrono Boost)  
  91  6:20  Probe (Chrono Boost)  
  91  6:21  Assimilator  
  91  6:22  Assimilator  
  91  6:23  Probe (Chrono Boost)  
  91  6:25  Probe (Chrono Boost)  
  91  6:27  Probe (Chrono Boost)  
  91  6:30  Probe (Chrono Boost)  
  91  6:31  Probe (Chrono Boost)  
  90  6:35  Probe, Pylon  
  87  6:40  Shield Battery  
  87  6:42  Probe  
  87  6:43  Probe, Forge  
  87  6:45  Immortal (Chrono Boost)  
  87  6:46  Adept x3  
  99  6:47  Probe  
  99  6:54  Probe, Pylon  
  101  6:56  Shield Battery  
  101  6:58  Shield Battery  
  101  7:05  Adept  
  101  7:07  Sentry  
  104  7:14  Immortal (Chrono Boost)  
  104  7:17  Stalker x2  
  104  7:22  Probe  
  106  7:26  Protoss Ground Weapons Level 1  
  106  7:28  Stalker  
  106  7:29  Gateway x2  
  104  7:37  Adept  
  104  7:38  Immortal (Chrono Boost)  
  104  7:52  Pylon  
  104  7:54  Pylon  
  104  7:55  Adept  
  104  7:56  Adept x2  
  108  8:01  Probe, Zealot  
  89  8:19  Zealot x3  
  90  8:23  Pylon  
  90  8:26  Probe  
  76  8:28  Stalker x3  
  76  8:30  Probe x2  
  76  8:32  Immortal  
  80  8:34  Pylon  
  80  8:38  Probe  
  79  8:42  Sentry  
  79  8:45  Zealot  
  83  8:50  Adept  
  83  8:53  Adept x3  
  83  8:55  Probe x3 (Chrono Boost)  
  90  9:07  Probe (Chrono Boost)  
  91  9:12  Warp Prism, Robotics Bay  
  91  9:14  Sentry x2, Stalker x4  
  105  9:26  Blink (Chrono Boost)  
  105  9:37  Zealot  
  107  9:39  Adept  
  107  9:44  Adept  
  111  9:45  Sentry  
  111  9:46  Sentry  
  111  9:48  Nexus  
  115  9:54  Adept  
  117  10:06  Stalker x3  
  121  10:13  Disruptor (Chrono Boost), Adept x2  
  102  10:22  Zealot  
  102  10:28  Probe x2  
  104  10:29  Probe  
  104  10:34  Adept  
  104  10:35  Adept x4  
  114  10:58  Pylon  
  114  11:01  Probe  
  114  11:03  Adept x5  
  114  11:04  Probe  
  114  11:10  Probe  
  70  11:26  Stalker x4, Adept  
Show
View Real Time Build Order
Export as new Build Order

AGOElazer Zerg - Winner!

Build Orders: Hatch First 

Get SALT Encoding   

  12  0:00  Drone  
  13  0:12  Overlord  
  13  0:16  Drone  
  14  0:30  Drone x2  
  16  0:41  Drone  
  17  0:52  Hatchery  
  17  0:55  Drone  
  17  0:57  Drone  
  18  1:09  Extractor  
  17  1:12  Spawning Pool  
  17  1:15  Drone  
  17  1:18  Drone  
  18  1:28  Drone  
  19  1:38  Drone  
  20  1:49  Overlord  
  20  1:59  Queen  
  22  2:03  Queen  
  22  2:04  Drone, Zergling x2  
  26  2:12  Metabolic Boost, Zergling x2  
  26  2:14  Drone  
  28  2:21  Drone  
  29  2:26  Drone  
  30  2:32  Drone  
  31  2:37  Hatchery  
  31  2:42  Drone  
  31  2:48  Queen  
  31  2:49  Overlord  
  33  2:52  Drone  
  33  2:58  Queen  
  36  3:06  Overlord  
  36  3:08  Drone x2  
  36  3:10  Drone  
  36  3:11  Drone  
  40  3:14  Zergling x2  
  40  3:16  Zergling x2  
  40  3:19  Drone x2  
  44  3:26  Queen  
  46  3:28  Drone  
  46  3:29  Drone  
  46  3:32  Drone  
  46  3:33  Drone  
  50  3:37  Spore Crawler  
  50  3:40  Overlord  
  49  3:41  Drone  
  50  3:57  Overlord  
  50  3:59  Drone x2  
  50  4:00  Drone x6  
  58  4:04  Overlord  
  58  4:16  Drone x5, Queen  
  58  4:17  Drone  
  66  4:21  Overlord  
  66  4:25  Zergling x4  
  66  4:30  Drone  
  69  4:33  Drone, Extractor  
  69  4:34  Roach Warren  
  69  4:35  Drone x3  
  71  4:40  Drone x5  
  71  4:43  Overlord  
  76  4:45  Drone x2  
  76  4:48  Extractor x2  
  76  4:50  Lair  
  76  4:51  Drone  
  76  4:52  Drone  
  77  5:03  Overlord  
  77  5:05  Overlord  
  77  5:06  Extractor  
  76  5:13  Drone x4  
  80  5:15  Queen  
  80  5:16  Queen  
  80  5:17  Overlord  
  80  5:19  Drone x2  
  86  5:22  Overlord  
  86  5:28  Zergling x8, Roach x3  
  92  5:32  Overlord  
  92  5:35  Roach x3  
  100  5:39  Roach x3  
  103  5:43  Roach x2  
  103  5:48  Roach  
  107  5:50  Roach x3  
  104  5:58  Roach x3  
  104  6:02  Queen  
  108  6:09  Roach x3  
  103  6:14  Roach x2  
  103  6:15  Roach  
  103  6:25  Zergling x10  
  103  6:38  Zergling x8, Ravager  
  108  6:46  Zergling x8  
  112  6:56  Overseer  
  112  6:59  Zergling x4  
  112  7:00  Zergling x12  
  117  7:07  Ravager x3  
  117  7:08  Ravager  
  117  7:09  Zergling x2  
  115  7:16  Zergling x10  
  108  7:23  Zergling x6  
  108  7:29  Zergling x2  
  104  7:33  Ravager  
  104  7:34  Zergling x2, Ravager x3  
  104  7:35  Zergling x2  
  104  7:37  Queen x2  
  105  7:41  Zergling x2  
  105  7:48  Ravager, Roach x2  
  110  7:52  Roach  
  110  7:58  Roach x2  
  101  8:07  Roach x3  
  103  8:15  Zergling x4  
  104  8:22  Zergling x2  
  104  8:23  Zergling x2  
  104  8:26  Roach x2  
  93  8:37  Roach x3  
  99  8:44  Zergling x2  
  96  8:53  Zergling x4  
  91  9:00  Roach x8  
  102  9:04  Queen  
  102  9:06  Hatchery  
  102  9:09  Zergling x4  
  105  9:11  Ravager  
  105  9:12  Ravager x3  
  105  9:15  Zergling x2  
  110  9:20  Zergling x4  
  110  9:23  Ravager  
  113  9:33  Overlord x3  
  113  9:49  Overlord  
  113  9:53  Zergling x16  
  113  9:55  Ravager x4  
  120  10:12  Roach x8  
  129  10:21  Roach x4  
  131  10:24  Zergling x2  
  131  10:25  Zergling x4  
  131  10:34  Zergling x18  
  138  10:36  Ravager x4  
  138  10:39  Zergling x4  
  142  10:47  Zergling x8  
  127  10:59  Roach x6  
  127  11:04  Roach x5  
  145  11:10  Zergling x8  
  141  11:14  Zergling x4  
Tags
 
Add a new tag
Caveats
  • Supply blocks, unpowered buildings, or Contaminate may cause inaccurate times.
  • Supply counts are checked every 10 seconds.